 Dungeon Crawl Stone Soup version 0.18-b1-18-g7758cf2 (webtiles) character file.

29750 MTVSty1e the Blocker (level 13, 119/119 HPs)
             Began as a Minotaur Fighter on May 2, 2016.
             Was a High Priest of Okawaru.
             Drowned
             ... in an ice cave.
             The game lasted 01:07:45 (18307 turns).

MTVSty1e the Blocker (Minotaur Fighter)            Turns: 18307, Time: 01:07:45

Health: 119/119    AC: 18    Str: 25    XL:     13   Next: 16%
Magic:  15/15      EV: 11    Int:  5    God:    Okawaru [*****.]
Gold:   644        SH: 13    Dex: 11    Spells: 0 memorised, 12 levels left

rFire  . . .     SeeInvis +     b - +6 spear (freeze)
rCold  + . .     Gourm    .     o - +0 plate armour
rNeg   . . .     Faith    .     c - +0 shield
rPois  +         Spirit   .     A - +0 mask of the Dragon {MR+ Slay+3 SInv}
rElec  .         Dismiss  .     J - +2 cloak {rPois}
rCorr  .         Reflect  .     (no gloves)
SustAt .         Harm     .     (no boots)
MR     +....                    E - amulet of rage
Stlth  ..........               P - ring of flight
                                x - ring of protection from cold

@: somewhat resistant to hostile enchantments, extremely unstealthy
A: retaliatory headbutt, horns 2
a: Heroism, Finesse, Renounce Religion, Evoke Berserk Rage, Evoke Flight


You were in an ice cave.
You worshipped Okawaru.
Okawaru was extremely pleased with you.
You were not hungry.

You visited 3 branches of the dungeon, and saw 19 of its levels.
You also visited: Ice Cave.

You collected 889 gold pieces.
You spent 245 gold pieces at shops.

Inventory:

Hand Weapons
 b - a +6 spear of freezing (weapon)
 e - a +4 hand axe
 w - a +2 glaive of chopping
 Y - a +2 battleaxe
 Z - a +2 hand axe of flaming
Armour
 c - a +0 shield (worn)
 d - a +1 scale mail of fire resistance
 o - a +0 plate armour (worn)
 A - the +0 mask of the Dragon (worn) {MR+ Slay+3 SInv}
   (You found it on level 5 of the Dungeon)

   It affects your accuracy and damage with ranged weapons and melee attacks
   (+3).
   It affects your resistance to hostile enchantments.
   It lets you see invisible.
 J - a +2 cloak of poison resistance (worn)
Rods
 O - a +0 rod of shadows (12/12)
   (You found it on level 7 of the Dungeon)
Jewellery
 x - a ring of protection from cold (left hand)
 y - an uncursed ring of protection from fire
 E - an amulet of rage (around neck)
 H - an uncursed ring of sustain attributes
 N - a +2 ring of dexterity {unknown}
 P - a ring of flight (right hand)
Wands
 a - a wand of iceblast (9/15)
 f - a wand of teleportation (4/9)
 l - a wand of digging (17/24)
 D - a wand of paralysis (4/24)
 T - a wand of flame (17/48)
 U - a wand of paralysis (0/24)
 V - a wand of enslavement (15/24)
 W - a wand of lightning (2/15)
 X - a wand of heal wounds (0/9)
Scrolls
 g - a scroll of amnesia
 k - 3 scrolls of remove curse
 m - 2 scrolls of fog
 n - a scroll of fear
 F - a scroll of teleportation
 I - 2 scrolls of enchant weapon
Potions
 j - 4 potions of degeneration
 q - 2 potions of cure mutation {unknown}
 s - 2 potions of flight
 u - 4 potions of haste
 v - 5 potions of curing
 z - 2 potions of brilliance {unknown}
 B - a potion of lignification {unknown}
 M - 3 potions of berserk rage {unknown}
 Q - a potion of magic
 S - a potion of cancellation {unknown}
Books
 G - a book of the Earth

   Spells                             Type                      Level
   a - Leda's Liquefaction            Hexes/Earth                  4
   b - Bolt of Magma                  Conjuration/Fire/Earth       5
   c - Statue Form                    Transmutation/Earth          6
   d - Iron Shot                      Conjuration/Earth            6
   e - Shatter                        Earth                        9
Miscellaneous
 i - a plain deck of summoning
 R - a phantom mirror
Comestibles
 h - 3 royal jellies
 p - 9 meat rations
 r - 29 fruits
 C - a bread ration
 K - 5 beef jerkies
 L - 7 slices of pizza


   Skills:
 * Level 12.5 Fighting
 - Level 10.5(11.2) Axes
 * Level 6.0(9.1) Polearms
 * Level 11.6 Armour
 - Level 10.1 Dodging
 + Level 12.5 Shields
 - Level 1.0 Invocations
 - Level 5.0 Evocations


You had 12 spell levels left.
You didn't know any spells.

Dungeon Overview and Level Annotations

Branches:
Dungeon (12/15)            Temple (1/1) D:6            Lair (6/8) D:9
 Shoals (0/4) Lair:4       Spider (0/4) Lair:6        Slime (0/6) Lair:6
    Orc (0/2) D:9

Altars:
Ashenzari
Cheibriados
Dithmenos
Elyvilon
Fedhas
Gozag
Kikubaaqudgha
Makhleb
Nemelex Xobeh
Okawaru
Pakellas
Qazlal
Ru
Sif Muna
Trog
Vehumet
Xom
Yredelemnul
Zin
The Shining One

Shops:
D:7 *!


Innate Abilities, Weirdness & Mutations

You reflexively headbutt those who attack you in melee.
You have a pair of horns on your head.


Message History

You block the yak's attack.
You hit the yak. You freeze the yak.
You kill the yak!
Okawaru accepts your kill.
You puncture the wolf! You freeze the wolf.
The wolf is moderately wounded.
The wolf closely misses you. You furiously retaliate!
You headbutt the wolf!!
You kill the wolf!
Okawaru accepts your kill.
Are you sure you want to fly over deep water while you are losing your buoyancy? [Y]es or [N]o only, please.
Are you sure you want to fly over deep water while you are losing your buoyancy? [Y]es or [N]o only, please.
Are you sure you want to fly over deep water while you are losing your buoyancy? [Y]es or [N]o only, please.
Are you sure you want to fly over deep water while you are losing your buoyancy?
You float gracefully downwards.
You fall into the water!
You sink like a stone!
You drown...
You die...

.§##....#§..#####..###...#
#.. .####.#.§..## #...##
###.# ### ##
########.###..#
#...######## #
#....#....## #........##.
## #.#####..###
##.?.⌠.).### .#
#§.#......##≈# ##.[.(.##..
## ##..##.#.##≈≈#
#####...## # #†..#
###≈≈≈≈≈# ##### # #..##
###≈≈≈@## # ##§ ##..##.##
# #.#.#.#....#
#..##.#....## ############


There were no monsters in sight!

Vanquished Creatures
  A catoblepas (Lair:4)
  An ogre mage (D:11)
  3 hill giants
  A deep elf mage (D:12)
  2 oklob plants (Lair:2)
  An ugly thing (D:11)
  An elephant (Lair:5)
  2 manticores (D:11)
  Joseph (D:8)
  An ice statue (IceCv)
  2 black mambas
  A centaur zombie (D:10)
  Maurice (D:8)
  5 spiny frogs
  A torpor snail (Lair:5)
  5 komodo dragons
  A rime drake (Lair:6)
  5 polar bears (IceCv)
  Prince Ribbit (D:9)
  A troll (D:10)
  3 two-headed ogres (D:11)
  6 blink frogs
  A wraith (D:11)
  3 fire bats (Lair:5)
  26 yaks
  A human (D:7)
  5 hippogriffs
  Grum (D:9)
  2 basilisks
  The ghost of Chiseanne the Magician, an amateur DsWz (D:4)
  14 water moccasins
  7 porcupines
  5 orc warriors
  6 sky beasts
  A swamp drake (D:9)
  2 phantoms (D:9)
  A wasp (D:12)
  10 ogres
  11 wolves
  3 centaurs
  13 crocodiles
  17 giant frogs
  A wyvern skeleton (D:8)
  6 scorpions
  3 wights (D:11)
  An electric eel (Lair:4)
  2 giant frog zombies
  3 crimson imps
  4 jellies
  A quasit (D:11)
  10 orc priests
  5 hounds
  A giant frog skeleton (D:5)
  20 orc wizards
  2 centaur skeletons
  8 iguanas
  4 worker ants
  7 sheep
  2 hound zombies
  A worker ant zombie (D:9)
  Robin (D:4)
  12 adders
  40 river rats
  4 shadow imps
  12 white imps (Lair:6)
  3 oozes
  An adder zombie (D:9)
  A worm (D:9)
  3 dart slugs
  10 giant geckos
  75 orcs
  2 ball pythons
  8 bats
  4 giant cockroaches
  19 goblins
  9 hobgoblins
  3 jackals (D:6)
  6 quokkas
  5 giant newts
  8 kobolds
  4 rats
  2 fungi
  15 plants (Lair:2)
504 creatures vanquished.

Vanquished Creatures (others)
  A polar bear (IceCv)
  2 yaks (IceCv)
  5 wolves (IceCv)
  3 fungi
11 creatures vanquished.

Grand Total: 515 creatures vanquished

Notes
Turn   | Place    | Note
--------------------------------------------------------------
     0 | D:1      | MTVSty1e the Minotaur Fighter began the quest for the Orb.
     0 | D:1      | Reached XP level 1. HP: 19/19 MP: 0/0
   291 | D:1      | Reached XP level 2. HP: 27/27 MP: 1/1
   716 | D:2      | Found a shadowy altar of Dithmenos.
   742 | D:2      | Reached XP level 3. HP: 33/33 MP: 2/2
  1059 | D:2      | Found a sacrificial altar of Ru.
  1467 | D:3      | Found a blossoming altar of Fedhas.
  1556 | D:3      | Reached skill level 1 in Dodging
  1556 | D:3      | Reached XP level 4. HP: 32/40 MP: 3/3
  1851 | D:3      | Found a stormy altar of Qazlal.
  1853 | D:3      | Noticed a fire elemental
  1853 | D:3      | Noticed an earth elemental
  1854 | D:3      | Noticed a water elemental
  1854 | D:3      | Noticed an air elemental
  2232 | D:4      | Reached skill level 5 in Armour
  2232 | D:4      | Reached XP level 5. HP: 44/47 MP: 4/4
  2246 | D:4      | Noticed an ogre
  2262 | D:4      | Killed an ogre
  2262 | D:4      | Reached skill level 5 in Shields
  2304 | D:4      | Noticed Chiseanne's ghost (amateur DsWz)
  2317 | D:4      | Reached XP level 6. HP: 25/53 MP: 5/5
  2322 | D:4      | Killed Chiseanne's ghost
  2559 | D:4      | Noticed Robin
  2599 | D:4      | Killed Robin
  2599 | D:4      | Reached skill level 5 in Fighting
  2675 | D:4      | Found Mute's Distillery.
  2941 | D:4      | Reached XP level 7. HP: 55/61 MP: 6/6
  3247 | D:5      | Entered Level 5 of the Dungeon
  3549 | D:5      | Reached skill level 1 in Evocations
  3900 | D:5      | Reached XP level 8. HP: 70/70 MP: 7/7
  3967 | D:5      | Reached skill level 5 in Axes
  4291 | D:6      | Noticed a hill giant
  4300 | D:6      | Killed a hill giant
  4350 | D:6      | Found a staircase to the Ecumenical Temple.
  4430 | Temple   | Entered the Ecumenical Temple
  4483 | Temple   | Became a worshipper of Warmaster Okawaru
  5066 | D:6      | Reached XP level 9. HP: 78/78 MP: 8/10
  5161 | D:6      | Reached skill level 5 in Dodging
  5414 | D:7      | Found Fualucs's General Store.
  5420 | D:7      | Bought a scroll of enchant weapon for 105 gold pieces
  5420 | D:7      | Bought 2 potions of heal wounds for 140 gold pieces
  5557 | D:7      | Found a shadowy altar of Dithmenos.
  5564 | D:7      | Found Kehon's Distillery.
  5585 | D:7      | Found a deep blue altar of Sif Muna.
  5652 | D:7      | Reached * piety under Okawaru
  5867 | D:7      | Found an oddly glowing altar of Pakellas.
  5898 | D:7      | You fall through a shaft for 2 floors!
  6141 | D:9      | Found a shattered altar of Ashenzari.
  6198 | D:9      | Found a snail-covered altar of Cheibriados.
  6202 | D:9      | Noticed Prince Ribbit
  6232 | D:9      | Killed Prince Ribbit
  6232 | D:9      | Reached ** piety under Okawaru
  6377 | D:9      | Found a staircase to the Orcish Mines.
  6411 | D:9      | Reached XP level 10. HP: 32/88 MP: 11/11
  7014 | D:9      | Noticed Grum
  7028 | D:9      | Killed Grum
  7133 | D:9      | Found a staircase to the Lair.
  7399 | D:8      | Noticed Maurice
  7412 | D:8      | Killed Maurice
  7412 | D:8      | Reached *** piety under Okawaru
  7729 | D:8      | Found a glowing silver altar of Zin.
  7976 | D:8      | Noticed Joseph
  7990 | D:8      | Killed Joseph
  8508 | D:10     | Entered Level 10 of the Dungeon
  8571 | D:10     | Reached skill level 10 in Shields
  8635 | D:10     | Reached skill level 5 in Evocations
  8642 | D:10     | Reached **** piety under Okawaru
  8871 | D:10     | Noticed a hill giant
  8884 | D:10     | Killed a hill giant
  8884 | D:10     | Reached XP level 11. HP: 97/97 MP: 13/13
  9620 | D:11     | Noticed a cyan ugly thing
  9624 | D:11     | Noticed a hill giant
  9632 | D:11     | Killed a cyan ugly thing
  9641 | D:11     | Killed a hill giant
  9641 | D:11     | Reached ***** piety under Okawaru
  9806 | D:11     | Noticed an ogre mage
  9820 | D:11     | Killed an ogre mage
  9820 | D:11     | Reached skill level 10 in Fighting
  9849 | D:11     | Noticed a skeletal warrior
  9850 | D:11     | Noticed a skeletal warrior
  9853 | D:11     | Noticed a skeletal warrior
 10102 | D:12     | Noticed a deep elf mage
 10120 | D:12     | Killed a deep elf mage
 10975 | Lair:1   | Entered Level 1 of the Lair of Beasts
 10998 | Lair:1   | Received a gift from Okawaru
 11070 | Lair:1   | Reached skill level 10 in Armour
 11105 | Lair:1   | Reached skill level 10 in Axes
 12249 | Lair:2   | Reached XP level 12. HP: 108/108 MP: 14/14
 14285 | Lair:3   | Reached skill level 1 in Polearms
 15199 | Lair:4   | Found a staircase to the Shoals.
 15281 | Lair:4   | Noticed a catoblepas
 15302 | Lair:4   | Killed a catoblepas
 16033 | Lair:5   | Received a gift from Okawaru
 16033 | Lair:5   | Reached skill level 10 in Dodging
 16799 | Lair:5   | Reached skill level 5 in Polearms
 16799 | Lair:5   | Reached skill level 1 in Invocations
 17023 | Lair:5   | Found a deep blue altar of Sif Muna.
 17364 | Lair:6   | Found a frozen archway.
 17380 | Lair:6   | Reached XP level 13. HP: 118/118 MP: 15/15
 17404 | IceCv    | Entered an ice cave
 18307 | IceCv    | Drowned

Skill      XL: |  1  2  3  4  5  6  7  8  9 10 11 12 13 |
---------------+----------------------------------------+-----
Armour         | 4 5 6 7 8 9 10 11 | 11.6
Fighting       | 4 5 6 7 9 10 12 | 12.5
Shields        | 4 5 6 8 9 10 11 12 | 12.5
Dodging        | 1 2 3 4 6 7 8 10 | 10.1
Axes           | 3 4 5 7 8 10 | 10.5
Evocations     | 1 2 3 5 |  5.0
Polearms       | 5 6 |  6.0
Invocations    | 1 |  1.0

Action                   |  1- 3 |  4- 6 |  7- 9 | 10-12 | 13-15 || total
-------------------------+-------+-------+-------+-------+-------++-------
Melee: War axe           |   136 |     3 |       |       |       ||   139
       Headbutt          |    20 |    31 |    64 |   214 |    25 ||   354
       Hand axe          |       |   131 |   287 |   500 |       ||   918
       Spear             |       |       |       |   323 |   106 ||   429
       Battleaxe         |       |       |       |    90 |       ||    90
Invok: Heroism           |       |       |     1 |     7 |     1 ||     9
 Abil: Evoke Berserk Rag |       |       |     2 |     6 |       ||     8
       Evoke Flight      |       |       |       |       |     1 ||     1
Evoke: Wand              |       |       |       |     8 |       ||     8
  Use: Scroll            |     3 |     7 |     2 |    19 |     2 ||    33
       Potion            |     1 |     4 |     3 |     7 |       ||    15
 Stab: Paralysed         |       |       |       |    15 |       ||    15
  Eat: Bread ration      |     1 |     1 |     3 |     7 |       ||    12
       Meat ration       |       |       |       |     1 |     1 ||     2
       Fruit             |       |       |       |     1 |       ||     1
Armor: Scale mail        |    14 |       |       |       |       ||    14
       Plate armour      |   133 |    61 |   106 |   320 |    51 ||   671
Dodge: Dodged            |    45 |    19 |    55 |   277 |    49 ||   445
Block: Shield            |   132 |    60 |   180 |   546 |   101 ||  1019
